 Dungeon Crawl Stone Soup version 0.26-a0-652-gafc20e3620 (webtiles) character file.

Game seed: 8608728126376846830

36 rogsnak the Firebug (level 3, -2/24 HPs)
             Began as a Demonspawn Fire Elementalist on Oct 2, 2020.
             Slain by an adder (3 damage)
             ... on level 2 of the Dungeon.
             The game lasted 00:02:40 (1792 turns).

rogsnak the Firebug (Demonspawn Fire Elementalist)  Turns: 1792, Time: 00:02:41

Health: -2/24      AC:  2    Str:  8    XL:     3   Next: 19%
Magic:  6/6        EV: 12    Int: 17    God:
Gold:   43         SH:  0    Dex: 13    Spells: 5/6 levels left

rFire    . . .     SeeInvis .   d - +0 dagger
rCold    . . .     Faith    .   (no shield)
rNeg     . . .     Spirit   .   a - +0 robe
rPois    +         Reflect  .   (no helmet)
rElec    .         Harm     .   (no cloak)
rCorr    .         Rampage  .   (no gloves)
MR       .....                  (no boots)
Stlth    ++........             (no amulet)
HPRegen  0.08/turn              j - ring of poison resistance
MPRegen  0.10/turn              (no ring)

@: no status effects
A: hooves 1, rot immunity
a: no special abilities


You were on level 2 of the Dungeon.
You visited 1 branch of the dungeon, and saw 2 of its levels.

You collected 43 gold pieces.

Inventory:

Hand Weapons
 d - a +0 dagger (weapon)
 e - a +0 short sword
Missiles
 b - 99 stones (quivered)
 f - 21 arrows
 g - 2 boomerangs
 i - 43 bolts
Armour
 a - a +0 robe (worn)
Jewellery
 j - a ring of poison resistance (left hand)
Scrolls
 c - 2 scrolls of identify {unknown}
 h - 2 scrolls of remove curse {unknown}
 k - a scroll of teleportation {unknown}


   Skills:
 + Level 2.1 Dodging
 + Level 1.8 Stealth
 - Level 0.1 Unarmed Combat
 + Level 2.1 Spellcasting
 * Level 1.4 Conjurations
 + Level 3.3 Fire Magic


You had 5 spell levels left.
You knew the following spells:

 Your Spells              Type           Power        Failure   Level
a - Foxfire               Conj/Fire      #...         7%          1

Your spell library contained the following spells:

 Spells                   Type           Power        Failure   Level
 Conjure Flame            Conj/Fire      #.......     22%         3
 Inner Flame              Hex/Fire       #.......     28%         3
 Sticky Flame             Conj/Fire      #.......     56%         4
 Fireball                 Conj/Fire      #.........   89%         5


Dungeon Overview and Level Annotations

Branches:
Dungeon (2/15)

Altars:
Qazlal


Innate Abilities, Weirdness & Mutations

You have large cloven feet.
You are immune to rotting.


Message History

The adder bites you but does no damage. The frilled lizard barely misses you.
The adder bites you but does no damage. The adder bites you.
The frilled lizard misses you. The adder closely misses you.
The adder bites you.
* * * LOW HITPOINT WARNING * * *
Unknown command.
There are monsters nearby!
There are monsters nearby!
The frilled lizard barely misses you.
There is a stone staircase leading down here.
The frilled lizard closely misses you. The adder bites you.
* * * LOW HITPOINT WARNING * * *
The adder barely misses you.
The frilled lizard bites you but does no damage.
The adder closely misses you.
The frilled lizard unfolds its giant frill.
The adder misses you. The frilled lizard closely misses you.
The adder bites you.
You die...

#.##.#...#.##.........#
#.##.....#.#####...####
#.##>#...#.# #E#...#E#
#..........#####...###
####.##.......#####.###.
#....#####.#####....<
####[#####...>......#
#.S.........†....#
#@lS......######.#
#########..... ######


You could see 2 adders and a frilled lizard.

Vanquished Creatures
  A dart slug (D:1)
  A leopard gecko (D:2)
  A ball python (D:1)
  A giant cockroach (D:2)
  3 hobgoblins (D:1)
  2 jackals (D:2)
  8 kobolds
  5 bats (D:1)
  2 frilled lizards (D:1)
  6 goblins
  A rat (D:2)
31 creatures vanquished.

Vanquished Creatures (others)
  63 foxfires
63 creatures vanquished.

Grand Total: 94 creatures vanquished

Notes
Turn   | Place    | Note
-------+----------+-------------------------------------------
     0 | D:1      | rogsnak the Demonspawn Fire Elementalist began the quest
                  | for the Orb.
     0 | D:1      | Reached XP level 1. HP: 13/13 MP: 3/3
   323 | D:1      | Reached skill level 3 in Fire Magic
   423 | D:1      | Gained mutation: You are immune to rotting. [demonic
                  | ancestry]
   423 | D:1      | Reached XP level 2. HP: 19/19 MP: 0/5
  1589 | D:2      | Found a stormy altar of Qazlal.
  1592 | D:2      | Noticed a water elemental
  1594 | D:2      | Noticed a fire elemental
  1603 | D:2      | Noticed an earth elemental
  1603 | D:2      | Noticed an air elemental
  1623 | D:2      | Gained mutation: You have large cloven feet. [demonic
                  | ancestry]
  1623 | D:2      | Reached XP level 3. HP: 24/24 MP: 1/6
  1785 | D:2      | HP: 1/24 [adder (5)]
  1792 | D:2      | Slain by an adder

Illustrated notes

Levels and vault maps discovered:
D:1:      dpeg_arrival_rooms_b, layout_loops_corners,
          kennysheep_decorative_pillar
D:2:      layout_loops_ring, nicolae_qazlal_style_of_elements

Skill      XL: |  1  2 |
---------------+-------+-----
Fire Magic     | 3 |  3.3
Dodging        | 2 |  2.1
Stealth        | |  1.8
Unarmed Combat | |  0.1
Spellcasting   | |  2.1
Conjurations   | |  1.4

Action                   || total
-------------------------++-------
Melee: Unarmed           ||     9
       Dagger            ||    46
       Kick              ||     4
 Cast: Foxfire           ||    37
 Stab: Sleeping          ||     1
Armor: Robe              ||    13
Dodge: Dodged            ||    64

Table legend: (Time is in decaauts)
 A = Elapsed time spent in this place.
 B = Non-inter-level travel time spent in this place.
 C = Inter-level travel time spent in this place.
 D = Time resting spent in this place.
 E = Time spent auto-exploring this place.
 F = Levels seen in this place.
 G = Mean time per level.
                   A        B        C        D        E       F      G
               +--------+--------+--------+--------+--------+-----+--------+
         Total |   1790 |   1782 |      8 |    398 |   1073 |   2 |  895.0 |
       Dungeon |   1790 |   1782 |      8 |    398 |   1073 |   2 |  895.0 |
               +--------+--------+--------+--------+--------+-----+--------+

Top non-repeatable levels by time:
     D:1: 1588 daAuts
     D:2: 202 daAuts
